Map: Temple gelé

Players

RUBIRAMOS

  • Race: Terran Terran
  • League: Silver

pupu - Winner!

  • Race: Protoss Protoss
  • League: Silver

VOD

Have the link to the VOD?

Description

Time

  • Played on: April 5, 2016, 3:15 p.m.
  • Length: 7:20
Show
View Real Time Build Order
Export as new Build Order

RUBIRAMOS Terran 

Build Orders:  

Get SALT Encoding   

  12  0:01  SCV  
  13  0:13  SCV  
  14  0:25  SCV  
  15  0:32  Supply Depot  
  15  0:41  Refinery  
  15  0:54  SCV  
  15  0:55  Barracks  
  16  1:06  SCV  
  16  1:07  Barracks  
  17  1:18  SCV  
  18  1:30  SCV  
  19  1:43  Reaper  
  20  1:55  Reaper  
  20  1:56  Supply Depot  
  20  1:58  Orbital Command  
  21  2:04  Refinery  
  21  2:08  Engineering Bay  
  21  2:15  Barracks Reactor  
  21  2:34  Command Center  
  20  2:53  Barracks Tech Lab  
  20  2:54  SCV  
  21  3:05  Missile Turret  
  21  3:07  SCV  
  22  3:17  Marauder  
  22  3:18  Marine x2  
  22  3:19  SCV  
  27  3:35  Marine x2  
  29  3:49  Marauder  
  29  3:52  SCV  
  29  3:53  Marine x2, Orbital Command  
  34  4:02  Bunker  
  34  4:04  Concussive Shells, SCV  
  35  4:10  Marauder  
  35  4:11  Marine x2  
  39  4:18  SCV  
  39  4:20  Factory  
  40  4:24  Supply Depot  
  40  4:28  SCV  
  41  4:37  Supply Depot  
  41  4:40  Marauder  
  43  5:02  SCV, Missile Turret  
  44  5:07  Refinery  
  44  5:08  Factory Tech Lab  
  44  5:14  SCV  
  44  5:15  Starport, SCV  
  46  5:23  Supply Depot  
  46  5:24  Missile Turret  
  46  5:27  SCV  
  47  5:33  SCV  
  48  5:39  SCV  
  48  5:41  Supply Depot  
  49  5:47  Missile Turret  
  49  5:49  Marauder, Marine x2  
  49  6:07  Marine x2  
  44  6:14  Marauder  
  38  6:25  Marine x2  
  35  6:35  Marine  
  35  6:42  Marine  
  35  6:43  Marine  
Show
View Real Time Build Order
Export as new Build Order

pupu Protoss - Winner!

Build Orders:  

Get SALT Encoding   

  12  0:01  Probe (Chrono Boost)  
  13  0:11  Probe (Chrono Boost)  
  14  0:19  Pylon  
  14  0:22  Probe (Chrono Boost)  
  15  0:37  Probe (Chrono Boost)  
  15  0:40  Gateway  
  16  0:48  Probe (Chrono Boost)  
  16  0:49  Assimilator  
  17  0:58  Probe (Chrono Boost)  
  17  1:00  Assimilator  
  18  1:09  Probe (Chrono Boost)  
  19  1:19  Probe (Chrono Boost)  
  20  1:31  Probe (Chrono Boost)  
  21  1:34  Cybernetics Core  
  21  1:41  Probe (Chrono Boost)  
  21  1:43  Pylon  
  22  1:52  Probe (Chrono Boost)  
  23  2:06  Nexus  
  23  2:08  Warp Gate (Chrono Boost)  
  23  2:09  Probe (Chrono Boost)  
  24  2:23  Twilight Council  
  24  2:28  Sentry  
  26  2:38  Probe  
  27  2:50  Probe  
  28  2:52  Gateway  
  28  2:59  Charge (Chrono Boost)  
  28  3:12  Robotics Facility  
  28  3:16  Probe  
  29  3:25  Probe  
  30  3:28  Probe  
  30  3:31  Zealot  
  33  3:37  Probe  
  33  3:40  Probe  
  35  3:43  Gateway  
  35  3:49  Probe  
  36  3:56  Probe  
  36  3:58  Warp Prism  
  36  4:01  Probe  
  40  4:08  Probe  
  41  4:15  Gateway  
  43  4:17  Pylon, Mothership Core  
  43  4:20  Probe  
  44  4:32  Pylon  
  44  4:33  Probe  
  44  4:37  Pylon  
  45  4:38  Immortal (Chrono Boost)  
  49  4:46  Pylon  
  49  4:52  Assimilator  
  49  4:54  Assimilator  
  49  4:57  Pylon  
  49  5:00  Pylon  
  49  5:01  Probe (Chrono Boost)  
  49  5:02  Probe (Chrono Boost)  
  51  5:07  Blink  
  51  5:17  Probe  
  51  5:18  Probe  
  51  5:19  Forge  
  53  5:30  Zealot  
  53  5:31  Zealot x3  
  61  5:55  Zealot x4  
  69  6:16  Zealot x4  
  71  6:21  Probe  
  71  6:23  Probe  
  67  6:37  Zealot x2  
  67  6:38  Zealot x2  
Tags
 
Add a new tag
Caveats
  • Supply blocks, unpowered buildings, or Contaminate may cause inaccurate times.
  • Supply counts are checked every 10 seconds.